 Dungeon Crawl Stone Soup version 0.21.1-1-g345015fe64 (webtiles) character file.

89 KleinerIrrer the Chopper (level 4, -5/42 HPs)
             Began as a Naga Fighter on Apr 4, 2018.
             Slain by BrokenGlass's ghost (8 damage)
             ... on level 3 of the Dungeon.
             The game lasted 00:00:22 (1908 turns).

KleinerIrrer the Chopper (Naga Fighter)             Turns: 1908, Time: 00:00:23

Health: -5/42      AC:  6    Str: 20    XL:     4   Next: 55%
Magic:  4/4        EV:  5    Int:  8    God:
Gold:   57         SH:  8    Dex: 10    Spells: 3/3 levels left

rFire    . . .     SeeInvis +   Y - +0 war axe
rCold    . . .     Gourm    .   c - +0 shield
rNeg     . . .     Faith    .   b - +0 scale mail
rPois    +         Spirit   .   (no helmet)
rElec    .         Reflect  .   k - +0 cloak
rCorr    .         Harm     .   (no gloves)
MR       .....                  (no barding)
Stlth    ..........             (no amulet)
HPRegen  0.14/turn              (no ring)
MPRegen  0.09/turn              (no ring)

@: very slow
A: large, see invisible, deformed body, poison resistance, slowness 2, slow
metabolism 1, spit poison 1, AC +1
a: Spit Poison


You were on level 3 of the Dungeon.
You were not hungry.

You visited 1 branch of the dungeon, and saw 3 of its levels.

You collected 57 gold pieces.


Innate Abilities, Weirdness & Mutations

You cannot wear boots.
Your serpentine skin is tough. (AC +1)
You have supernaturally acute eyesight. (SInv)
Armour fits poorly on your strangely shaped body.
Your system is resistant to poisons. (rPois)
You cover ground very slowly.
You have a slow metabolism.
You can spit poison.


   Skills:
 - Level 3.0 Fighting
 + Level 4.6 Axes
 - Level 2.4 Armour
 - Level 2.4 Shields


You had 3 spell levels left.
You didn't know any spells.

Inventory:

Hand Weapons
 l - a +0 club
 Y - a +0 war axe (weapon)
Armour
 b - a +0 scale mail (worn)
 c - a +0 shield (worn)
 k - a +0 cloak (worn)
Scrolls
 a - a scroll of teleportation {unknown}
Potions
 d - a potion of might
 e - a potion of agility {unknown}
 g - a potion of invisibility {unknown}
Comestibles
 f - 2 rations
 h - 8 chunks of flesh

Dungeon Overview and Level Annotations

Branches:
Dungeon (3/15)

Altars:

Annotations:
D:3 BrokenGlass's ghost, amateur OpMo


Message History

BrokenGlass's ghost is heavily damaged.
BrokenGlass's ghost hits you.
You hit BrokenGlass's ghost.
BrokenGlass's ghost is heavily damaged.
You block BrokenGlass's ghost's attack.
You slash BrokenGlass's ghost!
BrokenGlass's ghost is severely damaged.
BrokenGlass's ghost hits you. x2
You closely miss BrokenGlass's ghost.
BrokenGlass's ghost is severely damaged.
BrokenGlass's ghost hits you.
You barely miss BrokenGlass's ghost.
BrokenGlass's ghost is severely damaged.
BrokenGlass's ghost boasts, "I have defeated monsters you have never seen."
BrokenGlass's ghost hits you but does no damage.
BrokenGlass's ghost hits you!
You hit BrokenGlass's ghost but do no damage.
BrokenGlass's ghost is severely damaged.
BrokenGlass's ghost hits you!
You die...

.........)...###..
.#...###..))...#.###
.....# #...###.#.).
##...# #.....#...#
.........###.#..##
##.###.... #....#
...###.#....# ....
#.....######### ...
#.+#.#$@....... .#
... #.#W######## ...
....# #.# ##.#.. #.
#.#.. #.#<.. ......
##.#.


You could see BrokenGlass's ghost.

Vanquished Creatures
  4 adders (D:2)
  2 worms (D:2)
  A dart slug (D:2)
  2 leopard geckos (D:2)
  An orc (D:3)
  4 giant cockroaches
  3 hobgoblins
  3 jackals (D:2)
  6 kobolds
  A quokka (D:3)
  3 bats (D:1)
  2 frilled lizards (D:1)
  5 goblins
  6 rats
43 creatures vanquished.

Notes
Turn   | Place    | Note
-------+----------+-------------------------------------------
     0 | D:1      | KleinerIrrer the Naga Fighter began the quest for the Orb.
     0 | D:1      | Reached XP level 1. HP: 21/21 MP: 1/1
     0 | D:1      | 0 ||| counter = 26
     4 | D:1      | 4 ||| INVOKING Spit Poison.
    25 | D:1      | 25 ||| INVOKING Spit Poison.
    53 | D:1      | 53 ||| INVOKING Spit Poison.
   103 | D:1      | 103 ||| INVOKING Spit Poison.
   104 | D:1      | 104 ||| INVOKING Spit Poison.
   174 | D:1      | 174 ||| INVOKING Spit Poison.
   343 | D:1      | 343 ||| INVOKING Spit Poison.
   346 | D:1      | 346 ||| INVOKING Spit Poison.
   352 | D:1      | 352 ||| INVOKING Spit Poison.
   356 | D:1      | 356 ||| INVOKING Spit Poison.
   358 | D:1      | Reached XP level 2. HP: 28/28 MP: 2/2
   379 | D:1      | 379 ||| INVOKING Spit Poison.
   380 | D:1      | 380 ||| INVOKING Spit Poison.
   399 | D:1      | 399 ||| INVOKING Spit Poison.
   431 | D:1      | 431 ||| INVOKING Spit Poison.
   438 | D:1      | 438 ||| INVOKING Spit Poison.
   696 | D:2      | 696 ||| INVOKING Spit Poison.
   698 | D:2      | Reached skill level 3 in Axes
   700 | D:2      | 700 ||| INVOKING Spit Poison.
   701 | D:2      | 701 ||| INVOKING Spit Poison.
   704 | D:2      | 704 ||| INVOKING Spit Poison.
   707 | D:2      | 707 ||| INVOKING Spit Poison.
   711 | D:2      | Reached XP level 3. HP: 32/34 MP: 3/3
   741 | D:2      | 741 ||| INVOKING Spit Poison.
   863 | D:2      | HP: 8/34 [adder (2)]
   864 | D:2      | HP: 3/34 [adder (4)]
  1173 | D:2      | 1173 ||| INVOKING Spit Poison.
  1207 | D:2      | Reached skill level 4 in Axes
  1416 | D:2      | Found a faded altar of an unknown god.
  1448 | D:2      | 1448 ||| INVOKING Spit Poison.
  1452 | D:2      | Reached XP level 4. HP: 37/42 MP: 4/4
  1599 | D:2      | 1599 ||| INVOKING Spit Poison.
  1620 | D:2      | 1620 ||| INVOKING Spit Poison.
  1645 | D:2      | 1645 ||| INVOKING Spit Poison.
  1661 | D:2      | 1661 ||| INVOKING Spit Poison.
  1707 | D:2      | 1707 ||| UPGRADING to cloak.
  1712 | D:2      | 1712 ||| READING scroll labeled OPPA CEDEOM.
  1713 | D:2      | 1713 ||| DRINKING 2 grey potions.
  1764 | D:2      | 1764 ||| DRINKING 2 ruby potions.
  1765 | D:2      | 1765 ||| DROPPING potion of berserk rage.
  1766 | D:2      | 1766 ||| DROPPING potion of brilliance.
  1792 | D:3      | 1792 ||| INVOKING Spit Poison.
  1793 | D:3      | 1793 ||| INVOKING Spit Poison.
  1810 | D:3      | 1810 ||| INVOKING Spit Poison.
  1826 | D:3      | 1826 ||| INVOKING Spit Poison.
  1832 | D:3      | 1832 ||| INVOKING Spit Poison.
  1896 | D:3      | Noticed BrokenGlass's ghost (amateur OpMo)
  1907 | D:3      | HP: 3/42 [BrokenGlass's ghost (9)]
  1908 | D:3      | Slain by BrokenGlass's ghost

Vault maps used:
D:1:      eino_arrival_water_star, serial_bayou, serial_bayou_lagoon_a,
          serial_bayou_ford_a, serial_bayou_lagoon_b, serial_bayou_shore_a,
          minmay_bisected
D:2:      chequers_ecumenical_altar_island
D:3:      st_stairs_3, palyth_stone_intersect, hangedman_abyss_or_decor_stabs,
          uniq_ijyb, uniq_terence

Skill      XL: |  1  2  3 |
---------------+----------+-----
Axes           | 3 4 |  4.6
Fighting       | |  3.0
Armour         | |  2.4
Shields        | |  2.4

Action                   |  1- 3 |  4- 6 || total
-------------------------+-------+-------++-------
Melee: War axe           |    74 |    31 ||   105
 Abil: Spit Poison       |    20 |     8 ||    28
  Use: Potion            |       |     2 ||     2
       Scroll            |       |     1 ||     1
  Eat: Chunk             |     2 |     2 ||     4
Armor: Scale mail        |    40 |    13 ||    53
Dodge: Dodged            |    16 |     1 ||    17
Block: Shield            |    37 |    11 ||    48

Table legend:
 A = Spawn XP
 B = Non-spawn XP
 C = Spawn XP percentage of total XP
 D = Spawn monster count
 E = Non-spawn monster count
 F = Spawn count percentage of total count
 G = Total turns spent on level
                    A         B        C        D         E        F      G
               +---------+---------+-------+---------+---------+-------+---------
         Total |       0 |     128 |   0.0 |       0 |      43 |   0.0 |  1908
               +---------+---------+-------+---------+---------+-------+---------
           D:1 |       0 |      17 |   0.0 |       0 |      12 |   0.0 |   692
           D:2 |       0 |      95 |   0.0 |       0 |      23 |   0.0 |  1099
           D:3 |       0 |      16 |   0.0 |       0 |       8 |   0.0 |   117
               +---------+---------+-------+---------+---------+-------+---------
